 Dungeon Crawl Stone Soup version 0.29.1-1-gd02db6906a (webtiles) character file.

Game seed: 14749966762514810033

55 Ashen the Chiller (level 3, -3/30 (36) HPs)
             Began as a Demonspawn Ice Elementalist on Sept 24, 2022.
             Slain by a necrophage (6 damage)
             ... on level 4 of the Dungeon.
             The game lasted 00:04:17 (2763 turns).

Ashen the Chiller (Demonspawn Ice Elementalist)     Turns: 2763, Time: 00:04:18

HP:   -3/30 (36)    AC: 27    Str:  5 (8)  XL:     3   Next: 67%
MP:   0/6           EV:  2    Int: 16 (18) God:
Gold: 38            SH:  0    Dex: 10 (13) Spells: 0/7 levels left

rFire   . . .      SeeInvis +   e - +0 dagger (venom)
rCold   . . .      Faith    .   (no shield)
rNeg    . . .      Spirit   .   (body armour currently unavailable)
rPois   +          Reflect  .   (helmet currently unavailable)
rElec   .          Harm     .   (cloak currently unavailable)
rCorr   .          Rampage  .   (gloves currently unavailable)
Will    .....      NoTele   +   (boots currently unavailable)
Stlth   ++........              (no amulet)
HPRegen 0.10/turn               d - ring of see invisible
MPRegen 0.10/turn               (no ring)

@: ice-armoured, tree-form, attractive, hasted, heavily drained, very quick
A: stationary, stasis, torment immunity, boosted hp, (antennae 1), (large bone
plates 1)
a: no special abilities


You were on level 4 of the Dungeon.
You were a tree.
You visited 1 branch of the dungeon, and saw 4 of its levels.

You collected 218 gold pieces.
You spent 180 gold pieces at shops.

Inventory:

Hand Weapons
 e - a +0 dagger of venom (weapon)
Armour
 f - a +0 leather armour (melded)
 q - a +0 cloak of willpower (melded)
Jewellery
 d - a ring of see invisible (left branch)
Scrolls
 c - 4 scrolls of identify {unknown}
 h - 2 scrolls of teleportation {unknown}
 i - a scroll of silence {unknown}
 k - a scroll of enchant armour {unknown}
 m - a scroll of noise {unknown}
 n - a scroll of amnesia {unknown}
 p - a scroll of brand weapon {unknown}
 r - a scroll of poison {unknown}
Potions
 g - a potion of degeneration


   Skills:
 + Level 2.4 Dodging
 + Level 2.4 Stealth
 + Level 2.5 Spellcasting
 + Level 3.9 Ice Magic


You couldn't memorise any spells.
You knew the following spells:

 Your Spells              Type           Power      Damage    Failure   Level
a - Freeze                Ice            56%        1d7       3%          1
b - Frozen Ramparts       Ice            28%        1d5       12%         3
c - Ozocubu's Armour      Ice            14%        N/A       12%         3

Your spell library contained the following spells:

 Spells                   Type           Power      Damage    Failure   Level
 Apportation              Tloc           4%         N/A       21%         1
 Necrotise                Necr           8%         1d4       21%         1
 Summon Small Mammal      Summ           8%         N/A       21%         1
 Conjure Flame            Conj/Fire      2%         6-21      52%         3
 Ignite Poison            Fire/Tmut/Pois 2%         N/A       52%         3
 Hailstorm                Conj/Ice       8%         3d4       65%         4
 Sticky Flame             Conj/Fire      2%         2d3       89%         4


Dungeon Overview and Level Annotations

Branches:
Dungeon (4/15)
 Temple: D:4-7

Altars:

Shops:
D:3 [


Innate Abilities, Weirdness & Mutations

You are a tree.
Your roots penetrate the ground, keeping you stationary.
You cannot be teleported.
You are immune to unholy pain and torment.
Your maximum health is greatly increased.
Your equipment is partially melded.
((You have a pair of small antennae on your head.))
((You are partially covered in large bone plates. (SH +4)))


Message History

Aiming: Freeze (safe; 3% risk of failure)
Press: ? - help, Shift-Dir - straight line, f/p - necrophage
Aim: a necrophage (heavily damaged)
You freeze the necrophage.
The necrophage resists.
The necrophage is heavily damaged.
The wall freezes the necrophage but does no damage.
The necrophage hits you but does no damage.
Casting: Freeze (safe; 3% risk of failure)
Confirm with . or Enter, or press ? or * to list all spells.
Aiming: Freeze (safe; 3% risk of failure)
Press: ? - help, Shift-Dir - straight line, f/p - necrophage
Aim: a necrophage (heavily damaged)
You freeze the necrophage.
The necrophage resists.
The necrophage is severely damaged.
The necrophage resists.
The wall freezes the necrophage.
The necrophage hits you but does no damage.
Why would you want to do that?
Okay, then.
Unknown command.
Okay, then.
Okay, then.
This is a scroll of acquirement!
Something appears at your feet!
You hit the necrophage.
The necrophage is severely damaged.
The necrophage completely resists.
The wall freezes the necrophage but does no damage.
The necrophage hits you but does no damage.
You hit the necrophage but do no damage.
The necrophage is severely damaged.
The frozen ramparts melt away.
The necrophage barely misses you.
You barely miss the necrophage.
The necrophage is severely damaged.
You hit the necrophage.
The necrophage is almost destroyed.
The necrophage hits you but does no damage.
You hit the necrophage but do no damage.
The necrophage is almost destroyed.
The necrophage hits you.
You die...

#......# #......#
#......# #......#
#......# #......#
#.....n# +.....♣#
#......# #######
#......+
#.....#####......#
#................#
#...<............#
#................#
#................#
#................#


You could see a necrophage.

Vanquished Creatures
  A worm (D:2)
  A dart slug (D:1)
  4 ball pythons
  7 endoplasms
  4 giant cockroaches
  6 goblins
  2 hobgoblins
  3 quokkas
  4 bats
  3 frilled lizards
  8 kobolds
  3 rats
46 creatures vanquished.

Notes
Turn   | Place    | Note
-------+----------+-------------------------------------------
     0 | D:1      | Ashen the Demonspawn Ice Elementalist began the quest for
                  | the Orb.
     0 | D:1      | Reached XP level 1. HP: 13/13 MP: 3/3
   289 | D:1      | Gained mutation: You are partially covered in large bone
                  | plates. (SH +4) [demonic ancestry]
   289 | D:1      | Reached XP level 2. HP: 15/19 MP: 1/5
   832 | D:1      | Found a faded altar of an unknown god.
   962 | D:1      | Gained mutation: You have a pair of small antennae on your
                  | head. [demonic ancestry]
   962 | D:1      | Reached XP level 3. HP: 16/24 MP: 4/6
  2502 | D:3      | Found Beucvaosh's Antique Armour Emporium.
  2509 | D:3      | Bought an embroidered cloak for 180 gold pieces
  2708 | D:4      | Learned a level 3 spell: Frozen Ramparts
  2712 | D:4      | Learned a level 3 spell: Ozocubu's Armour
  2729 | D:4      | Noticed a necrophage
  2758 | D:4      | Identified a scroll of acquirement
  2758 | D:4      | Acquired the +2 cloak of the Thief {*Fog Slay-2 SInv
                  | Stlth+}
  2758 | D:4      | Found the +2 cloak of the Thief {*Fog Slay-2 SInv Stlth+}
  2763 | D:4      | Slain by a necrophage

Illustrated notes

Levels and vault maps discovered:
D:1:      lightli_arrival_statuegarden, layout_loops_ring,
          chequers_ecumenical_altar_simple_redux, minmay_pentomino_o4
D:2:      layout_loops_ring, grunt_decor_fettered
D:3:      layout_rooms, serial_shops, nicolae_shop_stone,
          nicolae_underground_beach
D:4:      layout_gridville, st_stairs_8

Skill      XL: |  1 |
---------------+----+-----
Dodging        | 2 |  2.4
Stealth        | 2 |  2.4
Spellcasting   | |  2.5
Ice Magic      | |  3.9

Action                   || total
-------------------------++-------
Melee: Unarmed           ||     4
       Dagger            ||   100
       Punch             ||     1
 Cast: Freeze            ||    27
       Ozocubu's Armour  ||     1
       Frozen Ramparts   ||     1
  Use: Potion            ||     5
       Scroll            ||     1
 Stab: Sleeping          ||     8
Armor: Robe              ||     2
       Leather armour    ||    22
       Skin              ||     6
Dodge: Dodged            ||    52
Block: Other             ||    14
